 Dungeon Crawl Stone Soup version 0.19.4-9-g45fd643 (webtiles) character file.

4549 JNO the Covert (level 10, -6/74 HPs)
             Began as a Vampire Assassin on Feb 17, 2017.
             Was a Follower of Yredelemnul.
             Mangled by a spiny frog (13 damage)
             ... on level 1 of the Lair of Beasts.
             The game lasted 01:04:35 (11778 turns).

JNO the Covert (Vampire Assassin)                  Turns: 11778, Time: 01:04:45

Health: -6/74      AC: 10    Str: 13    XL:     10   Next: 17%
Magic:  13/13      EV: 19    Int: 13    God:    Yredelemnul [*.....]
Gold:   441        SH:  0    Dex: 23    Spells: 0 memorised, 11 levels left

rFire  + . .     SeeInvis +     N - +0 dagger (chaos)
rCold  + . .     Gourm    .     O - +2 robe {rC+ rF+}
rNeg   + . .     Faith    .     (no shield)
rPois  .         Spirit   .     (no helmet)
rElec  .         Reflect  .     d - +0 cloak
rCorr  .         Harm     .     p - +1 pair of gloves {Str+3}
MR     +....                    (no boots)
Stlth  +++++.....               (no amulet)
                                E - +3 ring of dexterity
                                g - +3 ring of protection

@: no status effects
A: fangs 3, see invisible, unbreathing
a: Bat Form, Animate Remains, Renounce Religion


You were on level 1 of the Lair of Beasts.
You worshipped Yredelemnul.
Yredelemnul was aware of your devotion.
You were not thirsty.

You visited 3 branches of the dungeon, and saw 10 of its levels.
You also visited: Ice Cave.

You collected 441 gold pieces.

Inventory:

Hand Weapons
 a - a +2 dagger of speed
 b - a +0 blowgun
 D - a +0 dagger of venom
 N - a +0 dagger of chaos (weapon)
Missiles
 e - 25 poisoned needles
 f - 8 curare-tipped needles
 o - 6 needles of paralysis
Armour
 d - a +0 cloak (worn)
 p - a +1 pair of gloves of strength (worn)
 O - a +2 robe of resistance (worn)
Jewellery
 g - a +3 ring of protection (left hand)
 E - a +3 ring of dexterity (right hand)
 P - an uncursed ring of protection from magic {unknown}
Wands
 c - a wand of enslavement (4/24)
 j - a wand of disintegration (8/24)
 I - a wand of lightning (0/15)
Scrolls
 h - a scroll of identify
 k - 2 scrolls of teleportation
 l - 3 scrolls of remove curse
 n - 3 scrolls of recharging
 s - a scroll of random uselessness {unknown}
 v - 2 scrolls of enchant armour {unknown}
 x - a scroll of silence {unknown}
 B - a scroll of enchant weapon {unknown}
 J - a scroll of vulnerability {unknown}
Potions
 i - a potion of beneficial mutation
 q - 12 potions of blood
 z - 3 potions of flight
 C - a potion of invisibility {unknown}
 F - a potion of agility
 L - a potion of cure mutation {unknown}


   Skills:
 - Level 5.1 Fighting
 + Level 8.3 Short Blades
   Level 0.8(4.7) Long Blades
 - Level 1.5 Throwing
 - Level 8.1 Dodging
 - Level 11.0 Stealth
 - Level 1.3 Spellcasting
 - Level 4.3 Invocations
 - Level 3.8 Evocations


You had 11 spell levels left.
You didn't know any spells.

Dungeon Overview and Level Annotations

Branches:
Dungeon (8/15)             Temple (1/1) D:6            Lair (1/6) D:8

Altars:
Cheibriados
Elyvilon
Fedhas
Gozag
Hepliaklqana
Makhleb
Nemelex Xobeh
Okawaru
Qazlal
Ru
Sif Muna
Uskayaw
Vehumet
Xom
Yredelemnul
Zin
The Shining One

Annotations:
D:3 exclusion: 2 doors
D:4 exclusion: slave, Pikel
D:5 Prince Ribbit
D:6 exclusion: upstairs
D:7 exclusion: downstairs


Innate Abilities, Weirdness & Mutations

You have razor-sharp teeth.
You have supernaturally acute eyesight. (SInv)
You can survive without breathing.


Message History

You bite the spiny frog.
The spiny frog is severely wounded.
The spiny frog misses you.
You closely miss the spiny frog.
The spiny frog is severely wounded.
The spiny frog stings you!
You hit the spiny frog.
The spiny frog goes berserk!
You bite the spiny frog.
The spiny frog is severely wounded.
The spiny frog completely misses you.
Evoke which item? (* to show all) (? for menu, Esc to quit)
Zapping:
j - a wand of disintegration {zapped: 5} (will waste charges)
Press: ? - help, Shift-Dir - straight line, f - spiny frog
Aim: a spiny frog (severely wounded, berserk, fast, unusually strong, chance to defeat MR: 76%)
The spiny frog barely resists.
Evoking this partially-identified wand wasted a few charges.
The spiny frog stings you!!
* * * LOW HITPOINT WARNING * * *
The spiny frog stings you!
You die...
Yredelemnul claims you as an undead slave.

#...............#+###F##........
#...............#......#........
##..####P.P......#......#......#.
#..#.#####..............#........
##.......##......#......#......#.
#..#....#.....................#
#.##....##......#......#......+
#.##....#.......#.............#
#..###.###.....@#.............#.
#.###...##.....F##.##.P#......#.
#...............................
#####.#########P######P.#####.##
### ### #### ###


You could see a spiny frog (berserk).

Vanquished Creatures
  A black mamba (Lair:1)
  Psyche (D:7)
  A spiny frog (Lair:1)
  A komodo dragon (Lair:1)
  2 rime drakes (Lair:1)
  Edmund (D:4)
  2 wargs
  A porcupine (Lair:1)
  4 ice beasts
  3 ogres
  A centaur (D:5)
  Blork the orc (D:5)
  2 crocodiles (Lair:1)
  3 bullfrogs
  A gnoll sergeant (D:8)
  3 wights (D:8)
  A bullfrog zombie (D:5)
  5 hounds
  3 jellies
  An orc priest (D:8)
  5 orc wizards
  An iguana (D:3)
  4 worker ants
  A hound zombie (D:6)
  2 hound skeletons
  A worker ant zombie (D:6)
  5 gnolls (D:8)
  10 adders
  3 shadow imps
  4 worms
  A dart slug (D:1)
  5 leopard geckos
  19 orcs
  4 giant cockroaches
  4 goblins
  10 hobgoblins
  6 jackals
  4 kobolds
  4 quokkas
  13 bats
  6 frilled lizards
  A leopard gecko zombie (D:5)
  2 rats
153 creatures vanquished.

Vanquished Creatures (collateral kills)
  A spiny frog (Lair:1)
1 creature vanquished.

Vanquished Creatures (others)
  5 fungi (Lair:1)
  2 plants (Lair:1)
7 creatures vanquished.

Grand Total: 161 creatures vanquished

Notes
Turn   | Place    | Note
-------+----------+-------------------------------------------
     0 | D:1      | JNO the Vampire Assassin began the quest for the Orb.
     0 | D:1      | Reached XP level 1. HP: 16/16 MP: 1/1
   126 | D:1      | Reached skill level 6 in Stealth
   540 | D:1      | Reached XP level 2. HP: 21/22 MP: 2/2
   895 | D:1      | Reached skill level 7 in Stealth
  1252 | D:2      | Found a snail-covered altar of Cheibriados.
  1294 | D:2      | Reached XP level 3. HP: 27/27 MP: 3/3
  2088 | D:2      | Reached skill level 8 in Stealth
  2157 | D:2      | Reached XP level 4. HP: 33/33 MP: 4/4
  2361 | D:3      | Found a sparkling altar of Nemelex Xobeh.
  2463 | D:3      | Found a hide-covered altar of Uskayaw.
  2465 | D:3      | Found a deep blue altar of Sif Muna.
  2519 | D:3      | Found a blossoming altar of Fedhas.
  2819 | D:3      | Found a shimmering altar of Xom.
  3270 | D:3      | Found a burning altar of Makhleb.
  3349 | D:3      | Found a glowing silver altar of Zin.
  3352 | D:3      | Noticed an angel
  3352 | D:3      | Noticed a blizzard demon
  3395 | D:3      | Found a stormy altar of Qazlal.
  3498 | D:4      | Noticed Pikel
  3498 | D:4      | Noticed a slave
  3535 | D:4      | Reached XP level 5. HP: 38/38 MP: 5/5
  3731 | D:4      | Noticed Edmund
  3812 | D:4      | Killed Edmund
  3812 | D:4      | Reached XP level 6. HP: 25/46 MP: 6/6
  4408 | D:4      | Noticed a slave
  4410 | D:4      | Noticed a slave
  4415 | D:4      | Noticed a slave
  4582 | D:5      | Entered Level 5 of the Dungeon
  4850 | D:5      | Reached XP level 7. HP: 44/52 MP: 7/7
  4883 | D:5      | Noticed Prince Ribbit
  4986 | D:5      | Found a sparkling altar of Nemelex Xobeh.
  5325 | D:5      | Reached skill level 9 in Stealth
  5975 | D:5      | Reached skill level 5 in Short Blades
  6034 | D:5      | Noticed Blork the orc
  6037 | D:5      | Killed Blork the orc
  6053 | D:5      | Reached skill level 10 in Stealth
  6483 | D:6      | Reached XP level 8. HP: 58/58 MP: 8/8
  6603 | D:6      | Reached skill level 1 in Spellcasting
  6911 | D:6      | Found a staircase to the Ecumenical Temple.
  6933 | Temple   | Entered the Ecumenical Temple
  7318 | Temple   | Became a worshipper of Yredelemnul the Dark
  7721 | D:7      | Reached skill level 5 in Dodging
  7721 | D:7      | Reached skill level 1 in Invocations
  7815 | D:7      | Reached skill level 11 in Stealth
  8172 | D:8      | Noticed Psyche
  9318 | D:7      | Killed Psyche
  9318 | D:7      | Reached XP level 9. HP: 51/65 MP: 12/12
  9708 | D:8      | Reached * piety under Yredelemnul
  9911 | D:8      | Found a staircase to the Lair.
  9970 | Lair:1   | Entered Level 1 of the Lair of Beasts
  9989 | Lair:1   | Noticed a spiny frog
  9996 | Lair:1   | Killed a spiny frog
  9996 | Lair:1   | Reached skill level 5 in Fighting
 10088 | Lair:1   | Reached skill level 1 in Evocations
 10306 | Lair:1   | Found a frozen archway.
 10306 | Lair:1   | Noticed a rime drake
 10306 | Lair:1   | Noticed a rime drake
 10338 | Lair:1   | Killed a rime drake
 10369 | Lair:1   | Killed a rime drake
 10495 | Lair:1   | Noticed a komodo dragon
 10528 | IceCv    | Entered an ice cave
 10597 | IceCv    | Noticed a rime drake
 10627 | Lair:1   | Noticed a komodo dragon
 10627 | Lair:1   | Noticed a spiny frog
 10629 | Lair:1   | Killed a komodo dragon
 10629 | Lair:1   | Reached XP level 10. HP: 53/74 MP: 13/13
 10804 | Lair:1   | Noticed a spiny frog
 10837 | Lair:1   | Killed a spiny frog
 11378 | Lair:1   | Noticed a black mamba
 11429 | Lair:1   | Killed a black mamba
 11778 | Lair:1   | Mangled by a spiny frog

Skill      XL: |  1  2  3  4  5  6  7  8  9 10 |
---------------+-------------------------------+-----
Stealth        | 6 7 8 10 11 | 11.0
Short Blades   | 3 4 6 7 8 |  8.3
Fighting       | 2 3 4 5 |  5.1
Dodging        | 2 3 4 6 8 |  8.1
Spellcasting   | 1 |  1.3
Invocations    | 4 |  4.3
Evocations     | 3 |  3.8
Long Blades    | |  0.8
Throwing       | |  1.5

Action                   |  1- 3 |  4- 6 |  7- 9 | 10-12 || total
-------------------------+-------+-------+-------+-------++-------
Melee: Dagger            |    95 |   140 |   562 |   118 ||   915
       Bite              |     9 |    24 |    89 |    26 ||   148
       Long sword        |       |    36 |    10 |       ||    46
 Fire: Blowgun           |       |       |     4 |     8 ||    12
Evoke: Wand              |       |       |     3 |     6 ||     9
  Use: Potion            |     4 |    10 |    26 |     7 ||    47
       Scroll            |       |    14 |     5 |     1 ||    20
 Stab: Sleeping          |    15 |    19 |    19 |       ||    53
       Paralysed         |       |       |     2 |       ||     2
       Distracted        |       |       |     3 |       ||     3
Armor: Robe              |    18 |    61 |    74 |    13 ||   166
Dodge: Dodged            |    48 |    91 |   218 |    60 ||   417
       Rpst.: Long sword |       |     4 |     5 |       ||     9
